Map: [ESL] Blackburn

Players

Trap

  • Race: Protoss Protoss

Dark - Winner!

  • Race: Zerg Zerg

Event: IEM Katowice 2022

VOD

Have the link to the VOD?

Description

Time

  • Played on: Feb. 26, 2022, 5:56 a.m.
  • Length: 9:00

All games in this series

Show
View Real Time Build Order
Export as new Build Order

Trap Protoss 

Build Orders: 1 Gate Expand, Oracle Opening 

Get SALT Encoding   

  12  0:00  Probe  
  13  0:14  Pylon  
  13  0:17  Probe (Chrono Boost)  
  14  0:26  Probe (Chrono Boost)  
  15  0:31  Probe (Chrono Boost)  
  16  0:40  Gateway  
  16  0:43  Probe  
  16  0:49  Assimilator  
  17  0:55  Probe  
  18  1:07  Probe  
  19  1:19  Probe  
  20  1:26  Nexus  
  20  1:36  Cybernetics Core  
  20  1:38  Probe  
  21  1:45  Assimilator  
  21  1:51  Probe  
  22  1:54  Pylon  
  22  2:03  Probe (Chrono Boost)  
  23  2:12  Adept (Chrono Boost)  
  23  2:15  Probe (Chrono Boost)  
  26  2:18  Stargate  
  27  2:23  Probe (Chrono Boost)  
  27  2:29  Warp Gate  
  27  2:30  Probe (Chrono Boost)  
  28  2:38  Probe (Chrono Boost)  
  28  2:39  Adept (Chrono Boost)  
  32  2:47  Probe (Chrono Boost)  
  32  2:49  Probe (Chrono Boost)  
  33  2:53  Probe  
  33  2:57  Probe  
  35  2:59  Void Ray (Chrono Boost)  
  39  3:05  Probe  
  39  3:09  Probe  
  41  3:17  Gateway  
  41  3:21  Pylon  
  41  3:22  Probe x2  
  43  3:34  Probe x2  
  43  3:35  Oracle (Chrono Boost)  
  48  3:47  Nexus  
  48  3:49  Probe  
  48  3:51  Probe  
  48  3:54  Pylon  
  50  4:00  Assimilator x2  
  51  4:02  Probe  
  51  4:03  Probe  
  52  4:15  Probe x2  
  54  4:17  Pylon  
  54  4:21  Stargate  
  54  4:23  Protoss Air Weapons Level 1  
  54  4:29  Probe x2  
  56  4:32  Void Ray  
  56  4:35  Forge  
  60  4:43  Probe x2  
  62  4:47  Pylon  
  62  4:54  Shield Battery  
  62  4:55  Probe x2  
  64  5:04  Robotics Facility, Void Ray  
  64  5:06  Probe (Chrono Boost)  
  63  5:08  Probe (Chrono Boost)  
  63  5:10  Probe (Chrono Boost)  
  63  5:14  Void Ray  
  67  5:19  Probe x2 (Chrono Boost)  
  67  5:21  Probe (Chrono Boost)  
  74  5:26  Zealot  
  74  5:27  Probe x2 (Chrono Boost)  
  79  5:29  Probe (Chrono Boost)  
  79  5:32  Zealot  
  79  5:33  Pylon, Probe (Chrono Boost)  
  79  5:34  Probe  
  83  5:37  Probe  
  83  5:39  Assimilator  
  83  5:41  Assimilator  
  84  5:49  Zealot  
  86  5:51  Pylon, Probe x3  
  86  5:53  Void Ray (Chrono Boost)  
  86  5:55  Void Ray (Chrono Boost)  
  86  5:56  Shield Battery  
  89  5:58  Photon Cannon  
  97  6:12  Shield Battery  
  97  6:13  Shield Battery  
  97  6:16  Shield Battery  
  97  6:18  Photon Cannon, Zealot x2  
  101  6:22  Pylon  
  101  6:24  Photon Cannon  
  101  6:27  Photon Cannon  
  101  6:29  Void Ray (Chrono Boost)  
  101  6:35  Shield Battery  
  101  6:36  Pylon  
  97  6:42  Photon Cannon  
  97  6:46  Immortal (Chrono Boost)  
  97  6:49  Shield Battery  
  91  6:59  Photon Cannon  
  89  7:03  Shield Battery  
  89  7:04  Robotics Bay, Shield Battery  
  89  7:08  Photon Cannon, Void Ray  
  89  7:19  Photon Cannon  
  90  7:30  Probe x3  
  91  7:37  Zealot x2  
  90  7:45  Void Ray (Chrono Boost)  
  90  7:47  Probe x3  
  88  7:57  Disruptor (Chrono Boost)  
  77  8:01  Probe x3  
  77  8:04  Shield Battery  
  75  8:10  Gateway  
  75  8:13  Shield Battery  
  75  8:14  Gateway  
  75  8:23  Disruptor (Chrono Boost)  
  72  8:32  Probe x2  
  72  8:33  Probe  
  75  8:40  Photon Cannon  
Show
View Real Time Build Order
Export as new Build Order

Dark Zerg - Winner!

Build Orders: Hatch First 

Get SALT Encoding   

  12  0:00  Drone  
  13  0:12  Overlord  
  13  0:16  Drone  
  14  0:30  Drone x2  
  14  0:34  Drone  
  17  0:54  Drone  
  17  0:55  Hatchery  
  17  0:59  Drone  
  18  1:09  Extractor  
  17  1:13  Spawning Pool  
  17  1:16  Drone  
  17  1:20  Drone  
  18  1:27  Drone  
  19  1:39  Drone  
  20  1:50  Drone  
  21  2:00  Zergling x2  
  22  2:06  Queen  
  22  2:07  Queen  
  26  2:09  Metabolic Boost, Drone  
  26  2:13  Overlord  
  27  2:20  Drone  
  28  2:33  Drone x3  
  31  2:41  Drone  
  31  2:42  Hatchery  
  31  2:49  Queen  
  33  2:56  Drone x2, Overlord  
  35  3:01  Zergling x2  
  36  3:12  Overlord  
  36  3:18  Drone x2  
  38  3:20  Drone  
  38  3:24  Drone x2, Queen  
  43  3:31  Overlord  
  43  3:33  Drone  
  45  3:41  Drone  
  45  3:44  Drone  
  46  3:51  Drone  
  46  3:52  Spore Crawler  
  46  3:53  Spore Crawler, Queen  
  47  3:56  Queen  
  47  3:57  Drone x3  
  47  3:58  Drone x2  
  47  3:59  Drone  
  47  4:01  Drone  
  56  4:06  Lair  
  56  4:08  Drone  
  56  4:09  Extractor  
  56  4:13  Drone x2  
  58  4:19  Overlord  
  58  4:22  Overlord  
  58  4:26  Overlord  
  58  4:30  Overlord  
  58  4:36  Overlord  
  58  4:41  Pneumatized Carapace  
  58  4:42  Zergling x4  
  58  4:43  Drone x3, Zergling x2  
  58  4:44  Drone x2  
  66  4:48  Queen  
  66  4:52  Drone x3  
  69  4:54  Drone  
  69  4:59  Drone x2  
  70  5:02  Spore Crawler  
  70  5:04  Spore Crawler  
  68  5:08  Spore Crawler  
  68  5:12  Drone x2  
  71  5:17  Queen  
  71  5:21  Nydus Network  
  71  5:24  Queen  
  71  5:25  Overlord  
  71  5:26  Zergling x8  
  76  5:29  Zergling x4  
  76  5:33  Zergling x6  
  76  5:34  Zergling x2  
  82  5:37  Zergling x2  
  82  5:38  Zergling x4  
  85  5:46  Zergling x4  
  85  5:48  Queen  
  89  5:52  Queen  
  89  5:55  Zergling x12  
  96  6:02  Zergling x2  
  96  6:03  Zergling x6  
  99  6:04  Nydus Canal  
  99  6:05  Zergling x2  
  99  6:19  Zergling x6  
  99  6:24  Spore Crawler  
  99  6:25  Spore Crawler, Nydus Canal  
  99  6:28  Zergling x8  
  99  6:30  Overlord x3  
  100  6:36  Overlord, Baneling Nest  
  100  6:37  Zergling x6  
  94  6:41  Zergling x2  
  94  6:42  Nydus Canal  
  94  6:46  Zergling x2  
  96  6:56  Zergling x6  
  96  7:01  Queen x2  
  97  7:03  Queen  
  97  7:09  Zergling x4  
  97  7:10  Zergling x6  
  97  7:17  Nydus Canal  
  97  7:19  Zergling x2  
  97  7:22  Baneling x13  
  98  7:28  Zergling x6  
  101  7:36  Zergling x16  
  109  7:37  Baneling x3  
  101  7:48  Zergling x2  
  101  7:50  Zergling x2  
  94  7:55  Queen x2  
  91  7:58  Zergling x2  
  91  7:59  Zergling x6  
  91  8:04  Zergling x2  
  91  8:06  Queen  
  91  8:09  Zergling x4  
  91  8:11  Baneling x2  
  93  8:14  Baneling x7  
  93  8:18  Zergling x6  
  96  8:24  Zergling x2  
  96  8:26  Zergling x2  
  98  8:29  Zergling x2  
  99  8:34  Zergling x6  
  97  8:41  Zergling x10  
  97  8:58  Spire  

Tags
 
Add a new tag
Caveats
  • Supply blocks, unpowered buildings, or Contaminate may cause inaccurate times.
  • Supply counts are checked every 10 seconds.